AoeStats
← [AFK]The_Offwo

Hideout

508146480Analyzed
1v1 RM · 10d ago on Sep 21, 2026· 45m 4s· 2 players
Game mode
Random Map
Map size
Tiny (2 player)
Population
200
Speed
Normal
Resources
Standard
Victory
Conquest
Starting age
Dark Age
Ending age
Imperial Age
RankedLock teamsTeams togetherTeam positionsShared explorationLock speedFull tech treeHidden civsTurbo modeCheats
Victory
Defeat
🇨🇴 Byzantines · Colombia
1658
+14
🇬🇧 Maya · United Kingdom
1616
-14
[AFK]The_Offwo
0:25 Loom
10:51 Feudal Age
14:49 Castle Age
12:37 Double-Bit Axe
14:12 Horse Collar
15:10 Fletching
15:46 Bodkin Arrow
19:58 Bow Saw
20:21 Crossbowman
23:28 Wheelbarrow
23:55 Scale Mail Armor
24:38 Heavy Plow
24:55 Eagle Warrior
26:48 Chain Mail Armor
26:58 Gold Mining
28:05 Ballistics
28:58 Forging
28:50 Squires
30:00 Hand Cart
34:03 Imperial Age
31:37 Town Watch
33:16 Iron Casting
33:11 Stone Mining
35:14 Plate Mail Armor
34:21 Elite Eagle Warrior
35:13 Bracer
35:13 Elite Skirmisher
35:59 Thumb Ring
37:40 Chemistry
38:39 Two-Man Saw
38:17 Conscription
39:21 Blast Furnace
38:23 Padded Archer Armor
39:09 Hul'che Javelineers
40:00 Holcans
41:33 Leather Archer Armor
40:49 Arbalester
42:08 Masonry
44:09 Guilds
Splattcol
4:59 Loom
9:47 Feudal Age
9:47 Man-at-Arms
10:14 Double-Bit Axe
10:10 Horse Collar
19:08 Castle Age
17:37 Fletching
18:17 Padded Archer Armor
19:57 Bodkin Arrow
20:22 Leather Archer Armor
20:35 Bow Saw
21:39 Elite Skirmisher
23:08 Loom
24:45 Wheelbarrow
30:12 Imperial Age
29:20 Thumb Ring
30:15 Scale Barding Armor
30:55 Bracer
31:48 Chain Barding Armor
32:04 Ring Archer Armor
31:55 Hand Cart
33:07 Two-Man Saw
32:46 Chain Barding Armor
33:40 Conscription
34:47 Chemistry
34:52 Plate Barding Armor
35:02 Forging
35:30 Hoardings
35:36 Ballistics
37:07 Iron Casting
36:37 Elite Cataphract
37:57 Gold Mining
38:22 Fortified Wall
37:53 Treadmill Crane
39:00 Logistica
Connection lost

Rejoining the realm…

Still unreachable

The connection could not be restored.

Session expired

The server has moved on; the page needs a fresh start.